 Dungeon Crawl Stone Soup version 0.25-a0-10-g2fe12d4386 (webtiles) character file.

Game seed: 15323672835199750648, levelgen mode: deterministic

5693 MalarOregon the Destroyer (level 10, -1/85 (86) HPs)
             Began as a Red Draconian Conjurer on Oct 15, 2019.
             Was a Believer of Vehumet.
             Slain by a wyvern (13 damage)
             ... on level 8 of the Dungeon.
             The game lasted 00:21:23 (11324 turns).

MalarOregon the Destroyer (Red Draconian Conjurer) Turns: 11324, Time: 00:21:24

HP:   -1/85 (86)    AC:  9    Str: 11    XL:     10   Next: 47%
MP:   3/20          EV: 15    Int: 19    God:    Vehumet [**....]
Gold: 173           SH:  5    Dex: 11    Spells: 17/22 levels left

rFire    + . .     SeeInvis .   k - +1 trident (pierce)
rCold    . . .     Gourm    .   u - +0 buckler
rNeg     . . .     Faith    .   (armour unavailable)
rPois    .         Spirit   .   (helmet restricted)
rElec    .         Reflect  .   c - +0 cloak
rCorr    +         Harm     .   (no gloves)
MR       .....                  I - +0 pair of boots
Stlth    ++........             (no amulet)
HPRegen  0.24/turn              A - ring of resist corrosion
MPRegen  0.17/turn              (no ring)

@: lethally poisoned (-1 -> -2), short of breath
A: breathe fire, unfitting armour, fire resistance 1, cold-blooded, AC +7
a: Breathe Fire, Renounce Religion


You were on level 8 of the Dungeon.
You worshipped Vehumet.
Vehumet was pleased with you.
You were near starving.

You visited 2 branches of the dungeon, and saw 10 of its levels.

You collected 356 gold pieces.
You spent 183 gold pieces at shops.

Inventory:

Hand Weapons
 k - a +1 trident of piercing (weapon)
   (You took it off an orc on level 8 of the Dungeon)
Missiles
 g - a throwing net {!f}
 l - 4 atropa-tipped darts
 s - 21 poisoned darts (quivered)
 y - 2 curare-tipped darts {!f}
Armour
 c - a +0 cloak (worn)
   (You found it on level 1 of the Dungeon)
 u - a +0 buckler (worn)
   (You found it on level 3 of the Dungeon)
 I - a +0 pair of boots (worn)
   (You found it on level 9 of the Dungeon)
Jewellery
 A - a ring of resist corrosion (left hand)
   (You found it on level 5 of the Dungeon)
Wands
 d - a wand of iceblast (10)
   (You found it on level 5 of the Dungeon)
 H - a wand of scattershot (6)
   (You found it on level 8 of the Dungeon)
Scrolls
 b - 2 scrolls of fog
 f - 4 scrolls of blinking
 h - 6 scrolls of teleportation {@r4}
 i - 2 scrolls of magic mapping
 m - 6 scrolls of remove curse {@r2}
 n - 3 scrolls of immolation {!r}
 o - a scroll of enchant armour {unknown}
 p - 2 scrolls of noise {!r}
 x - a scroll of amnesia {unknown}
 z - a scroll of holy word
 B - a scroll of random uselessness {unknown}
 C - 2 scrolls of enchant weapon {unknown}
 D - a scroll of identify {@r1}
Potions
 a - 5 potions of lignification {!q}
 j - a potion of flight
 q - 2 potions of magic
 r - 3 potions of curing {@q1}
 t - 2 potions of brilliance
 v - 2 potions of might {unknown}
 w - a potion of cancellation {unknown}
 E - a potion of agility {unknown}
 F - a potion of degeneration {unknown}
Comestibles
 e - 12 rations {!d}
 G - 3 chunks of flesh


   Skills:
 + Level 7.6 Fighting
 + Level 6.6 Dodging
 - Level 1.7 Stealth
 - Level 7.0 Shields
 + Level 6.8 Spellcasting
 + Level 8.1 Conjurations


You had 17 spell levels left.
You knew the following spells:

 Your Spells              Type           Power        Failure   Level  Hunger
a - Magic Dart            Conj           ####         1%          1    None
x - Iskenderun's Mystic   Conj           #####...     3%          4    ###....

Your spell library contained the following spells:

 Spells                   Type           Power        Failure   Level  Hunger
 Shock                    Conj/Air       ###.         1%          1    None
 Searing Ray              Conj           #####.       1%          2    None
 Dazzling Spray           Conj/Hex       ###...       6%          3    #......
 Force Lance              Conj/Tloc      ###.....     19%         4    ###....
 Fulminant Prism          Conj/Hex       ###.......   19%         4    ###....


Dungeon Overview and Level Annotations

Branches:
Dungeon (9/15)             Temple (1/1) D:5            Lair (0/6) D:8
    Orc: D:9-12

Altars:
Ashenzari
Cheibriados
Dithmenos
Elyvilon
Fedhas
Gozag
Makhleb
Nemelex Xobeh
Okawaru
Qazlal
Ru
Sif Muna
Trog
Uskayaw
Vehumet
Wu Jian
Xom
Yredelemnul
Zin
The Shining One

Shops:
D:5 *   D:7 =

Annotations:
D:2 1 runed translucent door, Crazy Yiuf


Innate Abilities, Weirdness & Mutations

You can breathe blasts of fire.
Your fiery red scales are hard. (AC +7)
You cannot fit into any form of body armour.
Your flesh is heat resistant. (rF+)
You are cold-blooded and may be slowed by cold attacks.


Message History

The wyvern closely misses you.
There is a stone staircase leading up here.
The worker ant closely misses you. The wyvern misses you.
You block the worker ant's attack.
You climb upwards.
There is a stone staircase leading down here.
You barely miss the wyvern.
The wyvern bites you but does no damage.
The wyvern misses you. You block the worker ant's attack.
You hit the wyvern. The wyvern bites you. You block the worker ant's attack.
You block the wyvern's attack. The worker ant barely misses you.
You hit the wyvern but do no damage.
The wyvern bites you but does no damage.
The worker ant bites you but does no damage.
You block the wyvern's attack.
You hit the wyvern but do no damage.
The wyvern bites you but does no damage.
The worker ant bites you.
You are poisoned.
The worker ant poisons you! You block the wyvern's attack.
The worker ant bites you but does no damage.
You hit the wyvern but do no damage.
You feel sick. The wyvern bites you!
* * * LOW HITPOINT WARNING * * *
The worker ant waves its antennae.
The worker ant barely misses you. The wyvern barely misses you.
Aim: a worker ant You breathe a blast of fire.
The fiery breath hits the worker ant!
You are near starving!
You feel sick.
The worker ant is engulfed in blazing flames.
You kill the worker ant!
Vehumet accepts your kill.
You feel your power returning. The wyvern bites you!
* * * LOW HITPOINT WARNING * * *
Unknown command.
You barely miss the wyvern. You block the wyvern's attack.
The wyvern closely misses you.
You hit the wyvern.
Your tail-slap misses the wyvern.
You feel sick. The wyvern bites you!
* * * LOW HITPOINT WARNING * * *
You block the wyvern's attack.
You barely miss the wyvern.
The wyvern bites you but does no damage.
You block the wyvern's attack.
Aim: a wyvern (severely wounded)
The orb of energy hits the wyvern.
You feel sick. You block the wyvern's attack. The wyvern closely misses you.
You hit the wyvern but do no damage.
Your tail-slap misses the wyvern.
The wyvern bites you!
You die...

##########...........##..P...P
#...........[.....P..
#########
#.......)(.#.P...P.PP
.÷......#
#.......##(....P..PPP
#####.#.#
#.......##..P.PPP.P.. #.#.#
####(#####.P).PPP..P. #.#.#
#.# #....PPP.PPP #.#.# #°#
#..P.P...P.P #.#.# #@#


##..PPPPPP.P #.#.# #l# ##....PP.PP #.#.## #.# #PP...PPPP #....# #.# #...P..PPP
#####....# #.# #......... .........# #.# #.#####... #..####.## #.#######.# ####
#..# #.# #.......#.# # #..# #.# #######.#.# ## You could see a wyvern.

Vanquished Creatures
  A troll (D:9)
  A hornet (D:7)
  Sigmund (D:3)
  Grum (D:8)
  A yak (D:8)
  Eustachio (D:5)
  3 hungry ghosts
  4 porcupines (D:8)
  2 black bears
  A sky beast (D:8)
  3 orc warriors
  An ice beast (D:7)
  3 necrophages
  2 phantoms
  An eye of draining (D:8)
  4 wolves
  4 ogres
  A centaur (D:8)
  A crocodile (D:8)
  4 bullfrogs
  6 scorpions
  A wight (D:7)
  5 killer bees (D:7)
  A howler monkey (D:8)
  A bullfrog zombie (D:7)
  A centaur zombie (D:9)
  4 jellies
  2 crimson imps
  A hound (D:8)
  3 orc priests
  4 orc wizards (D:8)
  2 bullfrog skeletons
  An iguana (D:9)
  Natasha (thrice) (D:3)
  4 worker ants
  A hound zombie (D:7)
  A hound skeleton (D:5)
  3 mummies
  A howler monkey skeleton (D:7)
  8 gnolls
  8 adders
  2 shadow imps
  5 worms
  A dart slug (D:1)
  4 leopard geckos
  26 orcs
  A ball python (D:6)
  3 giant cockroaches
  8 goblins
  6 hobgoblins
  5 jackals
  4 kobolds
  4 quokkas
  7 bats
  A frilled lizard (D:2)
  A goblin zombie (D:5)
  A leopard gecko zombie (D:7)
  A quokka skeleton (D:7)
  A quokka zombie (D:7)
  2 rats
  A rat zombie (D:5)
185 creatures vanquished.

Vanquished Creatures (others)
  12 fungi (D:8)
  2 plants (D:8)
14 creatures vanquished.

Grand Total: 199 creatures vanquished

Notes
Turn   | Place    | Note
-------+----------+-------------------------------------------
     0 | D:1      | MalarOregon the Draconian Conjurer began the quest for the
                  | Orb.
     0 | D:1      | Reached XP level 1. HP: 14/14 MP: 3/3
   478 | D:1      | Reached XP level 2. HP: 21/22 MP: 1/5
   781 | D:1      | Reached skill level 1 in Fighting
  1671 | D:2      | Found a burning altar of Makhleb.
  1910 | D:2      | Reached XP level 3. HP: 28/28 MP: 0/6
  2008 | D:2      | Found a runed translucent door.
  2009 | D:2      | Noticed Crazy Yiuf
  2423 | D:2      | Reached XP level 4. HP: 21/36 MP: 0/8
  3012 | D:3      | Noticed Natasha
  3024 | D:3      | Killed Natasha
  3217 | D:3      | Noticed Natasha
  3221 | D:3      | Killed Natasha
  3221 | D:3      | Reached XP level 5. HP: 42/42 MP: 2/9
  3631 | D:3      | You fall into a shaft and drop 2 floors!
  3631 | D:5      | Entered Level 5 of the Dungeon
  4150 | D:5      | Reached XP level 6. HP: 51/51 MP: 4/11
  4219 | D:5      | Reached skill level 5 in Conjurations
  4347 | D:5      | Found an iron altar of Okawaru.
  5367 | D:3      | Noticed Sigmund
  5387 | D:3      | Killed Sigmund
  5387 | D:3      | Reached skill level 1 in Shields
  5387 | D:3      | Your scales start taking on a fiery red colour.
  5387 | D:3      | Reached XP level 7. HP: 24/58 MP: 0/12
  5387 | D:3      | Gained mutation: Your flesh is heat resistant. (rF+) [Red
                  | Draconian growth]
  5481 | D:3      | Noticed Natasha
  5487 | D:3      | Killed Natasha
  5905 | D:5      | Noticed Eustachio
  5950 | D:5      | Killed Eustachio
  6373 | D:5      | Found Onulicvoy's General Store.
  6376 | D:5      | Bought 2 curare-tipped darts for 15 gold pieces
  6376 | D:5      | Bought a scroll of identify for 26 gold pieces
  6376 | D:5      | Bought a scroll of holy word for 97 gold pieces
  6376 | D:5      | Bought a scroll of immolation for 45 gold pieces
  6432 | D:5      | Found a staircase to the Ecumenical Temple.
  6454 | Temple   | Entered the Ecumenical Temple
  6839 | D:6      | Found a radiant altar of Vehumet.
  6876 | D:6      | Became a worshipper of Vehumet
  7196 | D:6      | Reached XP level 8. HP: 38/67 MP: 9/14
  7446 | D:6      | Found a shadowy altar of Dithmenos.
  7852 | D:7      | Reached skill level 6 in Conjurations
  8126 | D:7      | Reached skill level 5 in Fighting
  8288 | D:7      | Reached skill level 5 in Shields
  8288 | D:7      | Reached skill level 5 in Spellcasting
  8599 | D:7      | Reached * piety under Vehumet
  8599 | D:7      | Offered knowledge of Freeze by Vehumet.
  8680 | D:7      | Noticed a hornet
  8686 | D:7      | Killed a hornet
  8686 | D:7      | Reached XP level 9. HP: 30/73 MP: 12/16
  8845 | D:7      | Reached skill level 5 in Dodging
  9271 | D:7      | Found Upli Zyseca's Jewellery Boutique.
  9396 | D:8      | Noticed Grum
  9956 | D:8      | Reached skill level 7 in Conjurations
 10241 | D:8      | Offered knowledge of Shock by Vehumet.
 10443 | D:8      | Killed Grum
 10443 | D:8      | Reached XP level 10. HP: 65/83 MP: 13/19
 10464 | D:8      | Reached ** piety under Vehumet
 10467 | D:8      | Found a staircase to the Lair.
 11128 | D:8      | Found a snail-covered altar of Cheibriados.
 11128 | D:8      | Found a basalt altar of Yredelemnul.
 11212 | D:9      | Reached skill level 8 in Conjurations
 11224 | D:9      | Learned a level 4 spell: Iskenderun's Mystic Blast
 11324 | D:8      | Slain by a wyvern

Levels and vault maps discovered:
D:1:      psy_arrival_radial02, layout_basic
D:2:      layout_basic, nicolae_overflow_hidden_temple, serial_glass,
          glass_columns_a, glass_columns_c, first_ration,
          uniq_crazy_yiuf_cottage
D:3:      layout_basic, chequers_big_river, minmay_fractal_squares_gapless_5,
          uniq_sigmund, uniq_natasha
D:4:      layout_basic
D:5:      layout_gridville, kennysheep_okawaru_gauntlet,
          minmay_temple_entry_junction, enter_ossuary_3, serial_shops,
          kennysheep_mini, grunt_decor_resistance,
          chequers_serial_rivers_micro_e, uniq_eustachio
D:6:      layout_gridville, grunt_dithmenos_shadows, fiery_altar_vehumet,
          chequers_serial_rivers_marsh, grunt_decor_arrowhead
D:7:      layout_rooms, serial_shops, nicolae_shop_crystal, serial_undead,
          serial_undead_b, serial_undead_a, serial_undead_f, serial_undead_c
D:8:      layout_loops_ring, gammafunk_temple_overflow_elements,
          due_lair_maze_entry_diamond, uniq_grum
D:9:      hangedman_screamer, layout_basic, gammafunk_temple_overflow_statue,
          the_bakery, minmay_fractal_squares_diagonal_5
Temple:   zaba_magenta_temple

Skill      XL: |  1  2  3  4  5  6  7  8  9 10 |
---------------+-------------------------------+-----
Dodging        | 2 3 4 5 6 |  6.6
Fighting       | 1 2 3 4 5 6 7 |  7.6
Spellcasting   | 3 4 5 6 |  6.8
Conjurations   | 5 6 7 8 |  8.1
Shields        | 1 3 5 7 |  7.0
Stealth        | |  1.7

Action                   |  1- 3 |  4- 6 |  7- 9 | 10-12 || total
-------------------------+-------+-------+-------+-------++-------
Melee: Unarmed           |    23 |       |       |       ||    23
       Dagger            |    49 |   110 |    71 |       ||   230
       Tailslap          |     4 |     9 |    13 |     7 ||    33
       Flail             |       |       |    55 |    13 ||    68
       Spear             |       |       |    15 |       ||    15
       Trident           |       |       |       |    74 ||    74
Throw: Dart              |     6 |     3 |    25 |     7 ||    41
 Cast: Magic Dart        |    84 |   130 |   237 |    57 ||   508
       Iskenderun's Myst |       |       |       |     7 ||     7
 Abil: Breathe Fire      |       |       |    22 |     9 ||    31
  Use: Scroll            |       |       |    11 |     1 ||    12
 Stab: Sleeping          |       |     1 |     2 |       ||     3
  Eat: Chunk             |     2 |     8 |    11 |     7 ||    28
       Ration            |     1 |       |     3 |       ||     4
Armor: Skin              |    23 |    36 |    96 |    41 ||   196
Dodge: Dodged            |    46 |    97 |   190 |    86 ||   419
Block: Buckler           |       |       |    32 |    41 ||    73

Table legend:
 A = Non-vault XP
 B = Vault XP
 C = Vault XP percentage of total XP
 D = Non-vault monster count
 E = Vault monster count
 F = Vault count percentage of total count
                 A         B        C        D         E       F
            +---------+---------+-------+---------+---------+-------
      Total |    4847 |    3286 |  40.4 |     149 |      36 |  19.5
            +---------+---------+-------+---------+---------+-------
        D:1 |      29 |       0 |   0.0 |      13 |       0 |   0.0
        D:2 |      98 |       0 |   0.0 |      19 |       0 |   0.0
        D:3 |     107 |     273 |  71.8 |      10 |       6 |  37.5
        D:4 |      43 |       0 |   0.0 |       5 |       0 |   0.0
        D:5 |     356 |     208 |  36.9 |      23 |       5 |  17.9
        D:6 |     586 |     261 |  30.8 |      13 |       3 |  18.8
        D:7 |    1510 |     470 |  23.7 |      28 |       7 |  20.0
        D:8 |    1333 |    1696 |  56.0 |      30 |      13 |  30.2
        D:9 |     785 |     378 |  32.5 |       8 |       2 |  20.0
            +---------+---------+-------+---------+---------+-------
